 Dungeon Crawl Stone Soup version 0.24.0-2-g5b39cebb1c (webtiles) character file.

Game seed: 4610274686478119519, levelgen mode: deterministic

1122 ventricule the Shield-Bearer (level 8, -4/68 HPs)
             Began as a Deep Dwarf Fighter on Oct 29, 2019.
             Was an Initiate of Makhleb.
             Splashed by Ijyb's acid (15 damage)
             ... on level 4 of the Dungeon.
             The game lasted 00:06:47 (2257 turns).

ventricule the Shield-Bearer (Deep Dwarf Fighter)   Turns: 2257, Time: 00:06:48

Health: -4/68      AC:  3    Str: 23    XL:     8   Next: 12%
Magic:  6/6        EV:  8    Int:  8    God:    Makhleb [......]
Gold:   157        SH: 12    Dex: 12    Spells: 7/7 levels left

rFire    + . .     SeeInvis .   a - +0 war axe
rCold    x . .     Gourm    .   c - +1 shield
rNeg     . . .     Faith    .   b - +0 scale mail
rPois    .         Spirit   .   (no helmet)
rElec    .         Reflect  .   (no cloak)
rCorr    .         Harm     .   (no gloves)
MR       +....                  (no boots)
Stlth    ..........             (no amulet)
HPRegen  0.00/turn              p - ring of fire {rF+, rC-}
MPRegen  0.10/turn              (no ring)

@: corroded, non-regenerating
A: damage resistance, heal wounds, sense surroundings 1, no regeneration
a: Heal Wounds, Renounce Religion


You were on level 4 of the Dungeon.
You worshipped Makhleb.
Makhleb was noncommittal.
You were not hungry.

You visited 2 branches of the dungeon, and saw 6 of its levels.

You collected 157 gold pieces.

Inventory:

Hand Weapons
 a - a +0 war axe (weapon)
Missiles
 Q - 158 stones (quivered)
Armour
 b - a +0 scale mail (worn)
 c - a +1 shield (worn)
Jewellery
 p - a ring of fire (left hand) {rF+, rC-}
Wands
 D - a wand of digging (5)
Scrolls
 g - 2 scrolls of remove curse
 i - 2 scrolls of identify
 t - a scroll of teleportation
Potions
 d - a potion of brilliance {unknown}
 h - a potion of haste
 j - a potion of mutation {!q}
 k - a potion of cancellation {unknown}
 l - a potion of lignification {unknown}
 n - a potion of resistance
 q - a potion of curing
Comestibles
 e - 4 rations
 f - 3 chunks of flesh


   Skills:
 - Level 2.6 Fighting
 + Level 6.3 Axes
 + Level 6.9 Armour
 + Level 6.9 Shields
 + Level 1.0 Invocations


You had 7 spell levels left.
You didn't know any spells.
Your spell library was empty.

Dungeon Overview and Level Annotations

Branches:
Dungeon (5/15)             Temple (1/1) D:5

Altars:
Ashenzari
Cheibriados
Dithmenos
Elyvilon
Fedhas
Gozag
Kikubaaqudgha
Makhleb
Qazlal
Ru
Trog
Vehumet
Yredelemnul
Zin
The Shining One

Annotations:
D:4 Ijyb, Pikel


Innate Abilities, Weirdness & Mutations

You are resistant to damage.
You can heal yourself by infusing magical energy.
You passively map a small area around you.
You do not regenerate.


Message History

Items here: ))) ÷ a +0 dagger; a +0 club x2; a goblin skeleton
Things that are here:
a +0 robe; a +0 flail
Found an escape hatch in the ceiling.
There is an escape hatch in the ceiling here.
Ijyb is too close now for your liking.
You start waiting.
Ijyb is too close now for your liking.
You hit Ijyb. You block Ijyb's attack.
Your shield and scale mail prevent you from hitting Ijyb.
Ijyb hits you with a +7 club.
* * * LOW HITPOINT WARNING * * *
You take 2 damage, and have 26/68 hp.
You slash Ijyb!
Ijyb zaps a wand.
The bolt of acid hits you!
* * * LOW HITPOINT WARNING * * *
The acid corrodes you!
You are splashed with acid!
You die...

# #.# #.#.# *...,,* # #.#
#.#.# *#.#*** #####.#
#.#.# #g# ......# #.#.#
#.# ####### #.#.# #.# #
#.#.# #.# # ##########.#.#
#.# # ####............#
#.# #
#.......####..@#######.# #
#........<....g........#
###.......####...#########
.........##**#.#####
........##,_,###._.##
..<.p...#,,,,,⌠...(.#
###.....#,,⌠,,...⌠..#
#####K##,,,,p....**
#..###,,K..***


You could see Ijyb.

Levels and vault maps discovered:
D:1:      kilobyte_arrival_exit_the_forest, layout_rooms
D:2:      layout_rooms, cheibriados_altar_1
D:3:      layout_loops_ring, first_ration, due_unseen_surprise
D:4:      kennysheep_the_goblin_king, layout_loops_ring, kennysheep_ying_yang,
          gammafunk_temple_overflow_pools, fiery_altar_vehumet,
          nicolae_overflow_hidden_temple,
          chequers_temple_overflow_statue_of_worship, uniq_blork_the_orc,
          uniq_edmund, uniq_pikel
D:5:      layout_basic, minmay_temple_entry_slanted
Temple:   minmay_temple_forest_path

Notes
Turn   | Place    | Note
-------+----------+-------------------------------------------
     0 | D:1      | ventricule the Deep Dwarf Fighter began the quest for the
                  | Orb.
     0 | D:1      | Reached XP level 1. HP: 20/20 MP: 1/1
    21 | D:1      | Identified a +0 club
    57 | D:1      | Identified a +0 dagger
    61 | D:1      | Identified a +0 short sword
    97 | D:1      | Identified a +0 club
   138 | D:1      | Reached XP level 2. HP: 22/27 MP: 2/2
   158 | D:1      | Identified a +0 dagger of draining
   210 | D:1      | Identified a ring of fire (You found it on level 1 of the
                  | Dungeon)
   222 | D:1      | Identified a +0 club
   306 | D:2      | Identified a +0 club
   318 | D:2      | Reached XP level 3. HP: 14/33 MP: 3/3
   348 | D:2      | Found a snail-covered altar of Cheibriados.
   362 | D:2      | Reached skill level 3 in Axes
   391 | D:2      | Identified a +0 dagger
   519 | D:3      | HP: 2/33 [worm (7)]
   524 | D:3      | Reached skill level 4 in Armour
   524 | D:3      | Reached skill level 4 in Shields
   663 | D:3      | Identified a +0 club
   663 | D:3      | Identified a +0 hunting sling
   694 | D:4      | Identified a scroll of random uselessness
   695 | D:4      | Identified a scroll of enchant armour
   696 | D:4      | Identified 3 scrolls of remove curse
   697 | D:4      | Identified 2 scrolls of teleportation
   698 | D:4      | Identified 5 scrolls of identify
   698 | D:4      | Identified a potion of curing
   701 | D:4      | Identified a +0 flail
   701 | D:4      | Identified a +0 robe
   701 | D:4      | Noticed Blork the orc
   710 | D:4      | Killed Blork the orc
   710 | D:4      | Reached XP level 4. HP: 32/40 MP: 3/3
   747 | D:4      | Found a shadowy altar of Dithmenos.
   761 | D:4      | Identified a +0 flail of venom
   761 | D:4      | Identified a +0 ring mail
   761 | D:4      | Noticed Edmund
   762 | D:4      | Identified a potion of berserk rage
   780 | D:4      | Killed Edmund
   780 | D:4      | Reached skill level 4 in Axes
   780 | D:4      | Reached skill level 5 in Armour
   780 | D:4      | Reached skill level 5 in Shields
   780 | D:4      | Reached XP level 5. HP: 28/46 MP: 4/4
   819 | D:4      | Identified a +0 giant club
   819 | D:4      | Noticed an ogre
   826 | D:4      | Killed an ogre
   826 | D:4      | Reached XP level 6. HP: 18/55 MP: 5/5
   880 | D:4      | Found a white marble altar of Elyvilon.
   916 | D:4      | Identified a scroll of blinking
   943 | D:4      | Found a basalt altar of Yredelemnul.
  1005 | D:4      | Identified a scroll of magic mapping
  1006 | D:4      | Identified a potion of resistance
  1007 | D:4      | Identified a potion of mutation
  1008 | D:4      | Identified a potion of haste
  1040 | D:4      | Found a radiant altar of Vehumet.
  1098 | D:4      | Found an opulent altar of Gozag.
  1098 | D:4      | Noticed a slave
  1098 | D:4      | Identified a +0 whip of freezing
  1098 | D:4      | Identified a +2 robe of magic resistance
  1098 | D:4      | Noticed Pikel
  1099 | D:4      | Noticed a slave
  1101 | D:4      | Noticed a slave
  1105 | D:4      | Noticed a slave
  1128 | D:3      | Killed a slave
  1275 | D:4      | Identified a +0 club
  1275 | D:4      | Identified a +0 club
  1275 | D:4      | Identified a +0 club
  1275 | D:4      | Identified a +0 dagger
  1275 | D:4      | Identified a +7 club
  1275 | D:4      | Identified a +0 ring mail
  1275 | D:4      | Noticed Ijyb
  1319 | D:5      | Entered Level 5 of the Dungeon
  1365 | D:5      | Identified a +0 shortbow
  1367 | D:5      | HP: 13/55 [centaur/arrow (10)]
  1372 | D:5      | HP: 11/55 [bullfrog skeleton (1)]
  1379 | D:5      | Reached skill level 5 in Axes
  1379 | D:5      | Reached XP level 7. HP: 32/61 MP: 6/6
  1538 | D:5      | HP: 15/61 [water moccasin (1)]
  1541 | D:5      | Identified a +0 mace
  1552 | D:5      | HP: 15/61 [poisoned by a water moccasin]
  1554 | D:5      | Identified a +0 dagger of venom
  1554 | D:5      | Identified a +0 robe of positive energy
  1558 | D:5      | Identified a +0 ring mail
  1559 | D:5      | Reached skill level 6 in Armour
  1559 | D:5      | Reached skill level 6 in Shields
  1559 | D:5      | Identified a cursed +0 dagger
  1560 | D:5      | Identified a cursed -2 flail
  1560 | D:5      | Identified a cursed +0 chain mail
  1608 | D:5      | Identified a +0 giant spiked club
  1614 | D:5      | HP: 12/61 [something (4)]
  1625 | D:5      | HP: 15/61 [something (2)]
  1630 | D:5      | HP: 7/61 [something (1)]
  1635 | D:5      | Reached skill level 6 in Axes
  1691 | D:5      | HP: 14/61 [worker ant (3)]
  1733 | D:5      | Reached XP level 8. HP: 41/68 MP: 6/6
  1769 | D:5      | Found a staircase to the Ecumenical Temple.
  1781 | Temple   | Entered the Ecumenical Temple
  1962 | Temple   | Became a worshipper of Makhleb the Destroyer
  2054 | D:5      | Identified a +0 shortbow
  2060 | D:5      | Reached skill level 1 in Invocations
  2257 | D:4      | HP: 11/68 [Ijyb/bolt of acid (15)]
  2257 | D:4      | Splashed by Ijyb's acid

Table legend:
 A = Turns spent in this place as a percentage of turns spent in the entire game.
 B = Non-inter-level travel turns spent in this place as a percentage of non-inter-level travel turns spent in the entire game.
 C = Inter-level travel turns spent in this place as a percentage of turns spent in this place.
 D = Turns resting spent in this place as a percentage of non-inter-level travel turns spent in this place.
 E = Turns spent auto-exploring this place as a percentage of non-inter-level travel turns spent in this place.
 F = Non-inter-level travel turns spent in this place divided by the number of levels of this place that you've seen.
                   A       B       C       D       E      F
               +-------+-------+-------+-------+-------+----------------------
         Total | 100.0 | 100.0 |   6.2 |   0.3 |  68.0 | 353.0
       Dungeon |  89.9 |  91.3 |   4.6 |   0.4 |  65.6 | 386.8
        Temple |  10.1 |   8.7 |  19.7 |   0.0 |  94.0 | 184.0
               +-------+-------+-------+-------+-------+----------------------

Table legend:
 A = Kills in this place as a percentage of kills in entire the game.
 B = Kills by you in this place as a percentage of kills by you in the entire game.
 C = Kills by friends in this place as a percentage of kills by friends in the entire game.
 D = Other kills in this place as a percentage of other kills in the entire game.
 E = Experience gained in this place as a percentage of experience gained in the entire game.
 F = Experience gained in this place divided by the number of levels of this place that you have seen.
                   A       B       C       D       E      F
               +-------+-------+-------+-------+-------+----------------------
         Total | 100.0 | 100.0 |   N/A |   N/A | 100.0 | 267.3
       Dungeon | 100.0 | 100.0 |   N/A |   N/A | 100.0 | 320.8
               +-------+-------+-------+-------+-------+----------------------

Skill      XL: |  1  2  3  4  5  6  7  8 |
---------------+-------------------------+-----
Axes           | 3 4 5 6 |  6.3
Armour         | 4 5 6 |  6.9
Shields        | 4 5 6 |  6.9
Invocations    | 1 |  1.0
Fighting       | |  2.6

Action                   |  1- 3 |  4- 6 |  7- 9 || total
-------------------------+-------+-------+-------++-------
Melee: War axe           |   122 |   109 |   133 ||   364
 Abil: Heal Wounds       |     1 |     2 |     5 ||     8
  Use: Scroll            |     5 |     6 |       ||    11
       Potion            |     1 |     1 |       ||     2
  Eat: Chunk             |       |     2 |     3 ||     5
Armor: Scale mail        |    71 |    36 |    57 ||   164
Dodge: Dodged            |    45 |    28 |    36 ||   109
Block: Shield            |    84 |    71 |    86 ||   241

Vanquished Creatures
  Edmund (D:4)
  A water moccasin (D:5)
  A sky beast (D:5)
  A slave (D:3)
  2 ogres
  2 centaurs (D:5)
  Blork the orc (D:4)
  A howler monkey (D:5)
  A crimson imp (D:5)
  A bullfrog skeleton (D:5)
  A jelly (D:5)
  A hound (D:4)
  An orc wizard (D:5)
  4 worker ants
  A howler monkey zombie (D:5)
  4 adders
  An ooze (D:5)
  An adder skeleton (D:4)
  3 worms
  4 dart slugs
  A leopard gecko (D:3)
  4 orcs (D:5)
  2 ball pythons (D:4)
  A giant cockroach (D:4)
  8 goblins
  5 hobgoblins
  4 jackals (D:1)
  A quokka (D:2)
  A ball python skeleton (D:5)
  4 bats
  5 frilled lizards
  A giant cockroach zombie (D:5)
  7 kobolds
  A quokka skeleton (D:5)
  2 rats (D:3)
80 creatures vanquished.
